Map: Dusty Gorge

Players

MonstroTown

  • Race: Terran Terran
  • Spawn Location: 11:00

Michael

  • Race: Zerg Zerg
  • League: Gold
  • Spawn Location: 9:00

Mothership

  • Race: Zerg Zerg
  • League: Gold
  • Spawn Location: 3:00

FLAVIO

  • Race: Protoss Protoss
  • Spawn Location: 5:00

VOD

Have the link to the VOD?

Description

Time

  • Played on: Sept. 29, 2018, 12:29 p.m.
  • Length: 12:20
Show
View Real Time Build Order
Export as new Build Order

MonstroTown Terran 

Build Orders: Reaper Expand 

Get SALT Encoding   

  12  0:01  SCV  
  13  0:13  SCV  
  14  0:18  Supply Depot  
  14  0:25  SCV  
  15  0:40  SCV  
  15  0:41  Barracks  
  16  0:52  SCV  
  16  0:55  Refinery  
  17  1:04  SCV  
  18  1:16  SCV  
  19  1:28  Orbital Command  
  19  1:38  Reaper  
  20  1:48  Command Center  
  20  1:56  SCV  
  20  1:58  Supply Depot  
  21  2:08  SCV  
  22  2:20  SCV  
  23  2:22  Factory  
  23  2:27  Refinery  
  24  2:33  Barracks Reactor  
  24  2:35  SCV  
  22  2:51  Barracks  
  22  2:57  Engineering Bay, SCV  
  23  2:58  Barracks  
  23  3:07  Orbital Command  
  23  3:09  SCV  
  24  3:21  SCV  
  24  3:26  Starport  
  25  3:28  Factory Tech Lab  
  25  3:36  Marine  
  25  3:37  Marine  
  25  3:41  Barracks Reactor  
  27  3:45  Terran Infantry Weapons Level 1  
  27  3:50  Barracks Tech Lab  
  27  3:51  Marine  
  28  3:56  SCV x2  
  30  4:05  Siege Tank  
  30  4:08  Marine  
  30  4:09  Marine  
  35  4:14  SCV  
  35  4:16  Refinery  
  36  4:19  SCV  
  36  4:20  Refinery  
  37  4:26  Stimpack  
  37  4:30  SCV  
  38  4:31  SCV  
  39  4:42  SCV, Marine x3  
  39  4:43  SCV, Marauder  
  41  4:54  Missile Turret  
  40  5:02  Missile Turret  
  40  5:14  Marine x3  
  40  5:15  Marauder  
  45  5:32  Siege Tank, Medivac  
  45  5:34  SCV  
  51  5:38  Missile Turret  
  51  5:48  Terran Infantry Armor Level 1  
  51  5:49  SCV  
  52  6:10  Marine x3  
  46  6:36  SCV x2  
  48  6:47  Barracks  
  48  6:48  SCV x2  
  50  6:55  Marine x2  
  52  7:04  Command Center  
  52  7:10  Starport  
  52  7:34  SCV x2  
  54  8:00  Marine  
  54  8:01  SCV x2  
  54  8:02  Marine x2  
  54  8:04  Marauder, Starport Reactor x2  
  54  8:07  Supply Depot  
  54  8:15  Armory  
  54  8:16  SCV x2  
  59  8:25  Missile Turret, Orbital Command  
  59  8:28  SCV x2  
  61  8:40  SCV x2  
  60  8:46  Liberator x2  
  58  8:49  Liberator x2  
  58  8:54  SCV x3  
  58  8:55  Marine x3  
  76  9:12  Supply Depot  
  76  9:18  Terran Infantry Armor Level 2  
  76  9:22  SCV  
  77  9:30  Marine x4  
  71  9:41  Liberator x2  
  71  9:42  Liberator x2  
  70  9:51  Marine  
  70  9:52  Marine  
  65  9:56  Marine x3  
  80  10:09  Marine x2  
  80  10:14  Marine x2  
  82  10:20  Marine  
  85  10:25  Barracks  
  85  10:27  Marine  
  86  10:28  Barracks  
  86  10:29  Barracks  
  86  10:30  Barracks  
  85  10:46  Liberator x2  
  85  10:47  Liberator x2  
  72  11:02  Marine x4  
  72  11:03  Marine  
  71  11:05  Widow Mine  
  79  11:21  Marine x5  
  79  11:22  Marine x4  
  79  11:24  SCV x2  
  90  11:27  Widow Mine  
  92  11:39  Refinery x2  
Show
View Real Time Build Order
Export as new Build Order

Michael Zerg 

Build Orders: Pool First 

Get SALT Encoding   

  12  0:01  Drone  
  13  0:12  Overlord  
  13  0:18  Drone  
  14  0:31  Drone x2  
  14  0:35  Drone  
  17  0:37  Extractor  
  16  0:45  Drone  
  17  0:53  Spawning Pool  
  17  0:56  Drone  
  17  1:07  Drone  
  18  1:25  Hatchery  
  17  1:28  Drone  
  18  1:39  Queen  
  18  1:46  Metabolic Boost  
  20  1:50  Zergling x2  
  20  1:54  Zergling x2  
  22  2:15  Overlord  
  22  2:23  Roach Warren  
  22  2:24  Drone  
  22  2:25  Extractor  
  22  2:26  Evolution Chamber  
  22  2:28  Drone  
  21  2:42  Drone  
  21  2:43  Drone x2  
  23  2:54  Queen  
  25  2:59  Drone  
  25  3:03  Drone  
  27  3:06  Drone  
  27  3:11  Drone  
  29  3:14  Drone  
  29  3:17  Drone  
  31  3:24  Drone x2  
  33  3:27  Drone  
  33  3:40  Spine Crawler  
  32  3:42  Lair  
  32  3:46  Drone  
  32  3:48  Drone  
  34  3:51  Drone  
  35  3:55  Overlord  
  35  4:07  Zerg Ground Armor Level 1  
  35  4:09  Drone  
  36  4:14  Drone  
  36  4:15  Drone, Spine Crawler  
  37  4:17  Drone  
  37  4:20  Drone  
  37  4:22  Drone  
  40  4:30  Queen  
  42  4:48  Spore Crawler  
  42  4:50  Spore Crawler  
  40  4:53  Drone x5, Spore Crawler  
  40  4:55  Spore Crawler  
  43  5:02  Extractor, Drone x2  
  43  5:03  Extractor, Drone  
  43  5:05  Overlord  
  43  5:09  Overlord  
  43  5:21  Drone  
  43  5:22  Drone, Spine Crawler  
  43  5:23  Overlord  
  43  5:25  Drone  
  45  5:32  Drone x2  
  45  5:34  Spine Crawler  
  45  5:35  Drone  
  47  5:47  Infestation Pit  
  46  5:51  Hydralisk Den  
  46  5:52  Zergling x2  
  38  6:02  Zergling x2  
  38  6:03  Zergling x12  
  40  6:16  Queen  
  42  6:45  Drone x3  
  45  6:49  Drone x4  
  49  7:00  Overlord  
  49  7:01  Overlord  
  49  7:04  Muscular Augments  
  49  7:06  Drone  
  49  7:07  Drone  
  51  7:26  Glial Reconstitution  
  51  7:29  Zerg Missile Weapons Level 1  
  51  7:33  Hydralisk x4  
  51  7:36  Hydralisk  
  61  7:40  Overlord  
  61  7:44  Overlord  
  61  7:48  Drone  
  61  7:49  Drone  
  64  7:51  Drone  
  64  8:01  Roach x3  
  70  8:15  Hatchery, Grooved Spines  
  70  8:18  Drone x2  
  70  8:19  Drone  
  72  8:22  Drone  
  73  8:36  Hydralisk x4  
  73  8:40  Hydralisk  
  81  8:53  Queen  
  81  8:54  Queen  
  82  9:13  Hydralisk x3  
  82  9:14  Hydralisk  
  90  9:18  Overlord  
  90  9:21  Overlord  
  90  9:26  Drone  
  90  9:27  Drone x2  
  90  9:28  Drone  
  90  9:29  Queen  
  90  9:31  Drone  
  97  9:35  Queen  
  70  10:00  Overseer x2  
  70  10:02  Burrow, Hydralisk  
  70  10:03  Hydralisk x7  
  88  10:07  Roach  
  88  10:08  Roach  
  90  10:18  Hydralisk  
  90  10:19  Hydralisk x3  
  98  10:22  Roach  
  98  10:24  Roach  
  102  10:30  Roach  
  98  10:38  Roach x3  
  61  10:58  Roach  
  61  10:59  Roach x6  
  49  11:19  Zergling x2  
  49  11:20  Overlord x5  
  46  11:34  Overlord x2  
  46  11:40  Evolution Chamber  
  46  11:44  Spawning Pool  
Show
View Real Time Build Order
Export as new Build Order

Mothership Zerg 

Build Orders: Pool First 

Get SALT Encoding   

  12  0:01  Drone  
  13  0:12  Drone  
  14  0:29  Spawning Pool  
  13  0:36  Drone  
  14  0:54  Extractor, Drone  
  14  0:55  Extractor, Drone  
  16  1:08  Hatchery  
  16  1:11  Extractor  
  14  1:12  Extractor  
  14  1:16  Overlord  
  13  1:32  Drone  
  14  1:34  Queen  
  14  1:38  Drone  
  17  1:44  Drone  
  18  1:52  Drone  
  19  1:58  Drone  
  20  2:18  Zergling x4  
  20  2:22  Queen  
  22  2:24  Drone  
  25  2:35  Zergling x4  
  27  2:47  Metabolic Boost  
  27  2:49  Zergling x2  
  28  2:53  Baneling Nest  
  28  2:55  Overlord  
  27  3:08  Zergling x2  
  27  3:09  Overlord  
  28  3:17  Lair  
  28  3:23  Drone  
  28  3:25  Drone  
  30  3:27  Drone  
  31  3:39  Zergling x2  
  31  3:40  Zergling x6  
  35  3:44  Baneling x2  
  35  3:48  Drone  
  36  3:51  Drone  
  36  3:53  Drone  
  38  4:06  Drone, Evolution Chamber  
  38  4:07  Drone  
  39  4:12  Zergling x4  
  39  4:13  Zergling x2  
  42  4:24  Hydralisk Den  
  41  4:35  Zerg Missile Weapons Level 1  
  41  4:37  Evolution Chamber  
  40  4:43  Drone x3  
  40  4:44  Drone  
  44  5:22  Overlord x4  
  44  5:31  Zerg Ground Armor Level 1  
  44  5:39  Nydus Network  
  43  5:47  Baneling x3  
  32  6:22  Hydralisk x2  
  32  6:23  Hydralisk x2  
  40  6:32  Drone  
  40  6:33  Drone x4  
  40  6:36  Extractor  
  40  6:38  Extractor  
  40  6:39  Hydralisk  
  44  6:45  Hydralisk x2  
  48  6:55  Queen  
  50  7:02  Drone x2  
  50  7:08  Drone x2  
  54  7:22  Centrifical Hooks  
  54  7:26  Grooved Spines, Hydralisk  
  48  8:08  Hydralisk  
  48  8:09  Hydralisk x5  
  48  8:10  Zergling x8  
  48  8:11  Zergling x4  
  66  8:38  Drone  
  66  8:39  Drone x3, Hatchery  
  69  8:56  Hydralisk x2, Zergling x2  
  69  8:57  Zergling x2  
  75  9:04  Drone  
  76  9:16  Zerg Missile Weapons Level 2  
  76  9:22  Muscular Augments  
  76  9:25  Evolution Chamber  
  76  9:28  Drone  
  76  9:31  Overlord x5  
  70  9:59  Hydralisk  
  65  10:00  Hydralisk x4  
  75  10:08  Nydus Canal  
  73  10:19  Hydralisk x2  
  67  11:34  Hydralisk x3  
  67  11:35  Hydralisk x3  
  67  11:39  Hydralisk x3  
  85  11:43  Nydus Canal  
Show
View Real Time Build Order
Export as new Build Order

FLAVIO Protoss 

Build Orders: 1 Gate Expand, Oracle Opening 

Get SALT Encoding   

  12  0:01  Probe  
  13  0:18  Probe  
  13  0:20  Pylon  
  14  0:35  Probe  
  15  0:43  Gateway  
  15  0:45  Probe  
  16  0:52  Assimilator  
  16  0:53  Probe  
  17  1:16  Probe  
  18  1:23  Nexus  
  18  1:29  Pylon  
  18  1:32  Probe  
  19  1:50  Probe  
  19  1:51  Cybernetics Core  
  20  1:57  Zealot  
  22  2:04  Probe  
  22  2:06  Assimilator  
  23  2:26  Probe  
  24  2:35  Probe  
  24  2:39  Probe  
  25  2:44  Adept  
  25  2:50  Probe  
  25  2:51  Probe  
  29  2:54  Warp Gate  
  29  2:59  Stargate  
  29  3:03  Probe  
  30  3:09  Probe  
  31  3:15  Probe  
  31  3:16  Assimilator  
  31  3:18  Adept  
  34  3:21  Probe  
  34  3:26  Gateway  
  35  3:27  Probe  
  35  3:33  Probe, Oracle  
  37  3:39  Probe  
  41  3:49  Probe  
  41  3:51  Probe  
  43  3:56  Adept  
  43  4:02  Probe  
  46  4:04  Gateway  
  46  4:05  Assimilator  
  46  4:09  Pylon  
  46  4:27  Adept, Probe x2  
  50  4:33  Twilight Council  
  50  4:39  Probe x2  
  52  4:51  Probe  
  53  4:59  Probe  
  54  5:08  Pylon  
  54  5:24  Pylon  
  54  5:26  Probe x2, Phoenix  
  58  5:33  Adept x2  
  62  5:37  Resonating Glaives  
  62  5:42  Probe x2  
  64  5:45  Fleet Beacon  
  64  5:51  Dark Shrine  
  64  5:54  Probe x2  
  66  6:06  Probe, Nexus  
  59  6:25  Probe x2, Pylon  
  60  6:26  Pylon  
  60  6:27  Adept x2  
  60  6:28  Adept  
  60  6:31  Pylon  
  67  6:35  Assimilator  
  67  6:36  Carrier  
  67  6:40  Assimilator  
  67  6:42  Probe  
  67  6:43  Probe  
  72  7:12  Stargate  
  72  7:13  Stargate  
  70  7:20  Dark Templar x3  
  74  7:50  Carrier  
  72  7:56  Probe x2  
  80  8:20  Probe x2  
  80  8:21  Probe  
  80  8:23  Carrier  
  89  8:27  Protoss Air Weapons Level 1  
  89  8:44  Carrier  
  89  8:58  Charge  
  89  9:00  Adept x3  
  95  9:06  Graviton Catapult  
  95  9:24  Adept x3  
  101  9:34  Pylon  
  101  9:36  Pylon  
  91  9:50  Carrier x2  
  103  10:02  Adept  
  103  10:03  Adept x2  
  103  10:05  Probe x3  
  112  10:17  Probe x2  
  112  10:20  Gateway  
  114  10:22  Gateway  
  114  10:25  Gateway  
  114  10:26  Gateway  
  114  10:28  Forge  
  114  10:30  Forge  
  114  10:32  Carrier  
  111  11:06  Probe  
  111  11:07  Probe  
Tags
 
Add a new tag
Caveats
  • Supply blocks, unpowered buildings, or Contaminate may cause inaccurate times.
  • Supply counts are checked every 10 seconds.